 Dungeon Crawl Stone Soup version 0.29-a0-541-gaf1fc19f1b (webtiles) character file.

Game seed: 17539719176350160823

106 happo123 the Sneak (level 5, -10/29 HPs)
             Began as a Kobold Enchanter on June 2, 2022.
             Killed by divine providence
             ... invoked by an orc priest
              (13 damage)
             ... on level 3 of the Dungeon.
             The game lasted 00:07:54 (3213 turns).

happo123 the Sneak (Kobold Enchanter)               Turns: 3213, Time: 00:07:54

Health: -10/29     AC:  6    Str:  5    XL:     5   Next: 10%
Magic:  2/9        EV: 15    Int: 19    God:
Gold:   168        SH:  0    Dex: 15    Spells: 1/9 levels left

rFire   . . .      SeeInvis .   a - +1 dagger
rCold   . . .      Faith    .   (no shield)
rNeg    . . .      Spirit   .   b - +0 robe
rPois   .          Reflect  .   (no helmet)
rElec   .          Harm     .   (no cloak)
rCorr   .          Rampage  .   (no gloves)
Will    .....                   (no boots)
Stlth   ++++......              (no amulet)
HPRegen 0.09/turn               e - ring of wizardry
MPRegen 0.11/turn               p - +4 ring of protection

@: no status effects
A: small, no large weapons, nightstalker 3
a: no special abilities


You were on level 3 of the Dungeon.
You visited 1 branch of the dungeon, and saw 3 of its levels.

You collected 168 gold pieces.

Inventory:

Hand Weapons
 a - a +1 dagger (weapon)
Armour
 b - a +0 robe (worn)
Jewellery
 d - a ring of resist corrosion
 e - a ring of wizardry (left hand)
 p - a +4 ring of protection (right hand)
Scrolls
 f - 2 scrolls of identify {unknown}
 g - a scroll of fog {unknown}
 l - a scroll of noise {unknown}
 m - a scroll of brand weapon {unknown}
 n - a scroll of enchant armour {unknown}
 o - a scroll of vulnerability {unknown}
Potions
 c - 2 potions of invisibility
 h - a potion of berserk rage {unknown}
 i - a potion of lignification {unknown}
 j - a potion of cancellation {unknown}
 k - a potion of mutation {unknown}
 q - a potion of degeneration {unknown}


   Skills:
 + Level 1.0 Fighting
 + Level 2.5 Short Blades
 + Level 3.4 Dodging
 + Level 4.5 Stealth
 + Level 2.7 Spellcasting
 * Level 3.8 Hexes


You had one spell level left.
You knew the following spells:

 Your Spells              Type           Power      Damage    Failure   Level
a - Ensorcelled Hibernat  Hex/Ice        18%        N/A       4%          2
b - Confusing Touch       Hex            17%        N/A       4%          3
c - Tukima's Dance        Hex            17%        N/A       4%          3

Your spell library contained the following spells:

 Spells                   Type           Power      Damage    Failure   Level
 Dazzling Flash           Conj/Hex       18%        N/A       9%          3
 Portal Projectile        Hex/Tloc       18%        N/A       9%          3
 Call Canine Familiar     Summ           2%         N/A       19%         3
 Leda's Liquefaction      Hex/Erth       4%         N/A       26%         4


Dungeon Overview and Level Annotations

Branches:
Dungeon (3/15)

Altars:


Innate Abilities, Weirdness & Mutations

You are small and have problems with some larger weapons.
You are completely attuned to the shadows.


Message History

You see here 33 stones.
Found a stone staircase leading down.
An orc comes into view. It is wielding a +0 dagger.
An orc wizard comes into view. It is wielding a +0 dagger.
The orc wizard shouts!
The orc shouts!
You hear a shout!
An orc priest comes into view. It is wielding a +0 mace.
The orc barely misses you.
Aiming: Ensorcelled Hibernation (safe; 4% risk of failure)
Press: ? - help, Q - select action, (/) - cycle Shift-Dir - straight line, f - orc
Aim: an orc, wielding a +0 dagger and wearing a +0 leather armour (chance to affect: 61%)
The orc resists with significant effort.
The orc barely misses you.
The orc wizard gestures wildly while chanting.
The orc wizard flickers and vanishes!
Deactivating autopickup; reactivate with Ctrl-A.
Aiming: Ensorcelled Hibernation (safe; 4% risk of failure)
Press: ? - help, Q - select action, (/) - cycle Shift-Dir - straight line, f/p - orc
Aim: an orc, wielding a +0 dagger and wearing a +0 leather armour (chance to affect: 61%)
The orc looks drowsy...
The orc priest invokes the aid of Beogh against you.
Beogh smites you!
Ouch! That really hurt!
The helpless orc fails to defend itself.
You impale the orc!!
You kill the orc!
The orc priest casts a cantrip, but nothing happens.
An orc comes into view. It is wielding a +0 dagger.
Casting: Ensorcelled Hibernation (safe; 4% risk of failure)
Confirm with . or Enter, or press ? or * to list all spells.
Your hands begin to glow red.
Something hits you but does no damage.
You closely miss something. You hit something but do no damage.
The orc priest calls down the wrath of Beogh upon you.
Beogh smites you!
* * * LOW HITPOINT WARNING * * *
You hit something. Something hits you.
* * * LOW HITPOINT WARNING * * *
The orc priest mumbles some strange prayers to Beogh against you.
Beogh smites you!
You die...

#.# #o# #o# #{#
#@#
################.#
.................#
...###############
....... .#.####
.#.# #.######
#......#


You could see an orc priest and an orc.

Vanquished Creatures
  A gnoll (D:1)
  An adder (D:2)
  A worm (D:2)
  A dart slug (D:1)
  9 orcs
  2 bats
  6 endoplasms
  4 giant cockroaches
  7 goblins
  4 hobgoblins
  10 jackals
  4 kobolds
  A quokka (D:1)
  6 ball pythons
  2 frilled lizards
  6 rats
65 creatures vanquished.

Notes
Turn   | Place    | Note
-------+----------+-------------------------------------------
     0 | D:1      | happo123 the Kobold Enchanter began the quest for the Orb.
     0 | D:1      | Reached XP level 1. HP: 10/10 MP: 3/3
   391 | D:1      | Reached XP level 2. HP: 15/15 MP: 5/5
   399 | D:1      | Learned a level 2 spell: Ensorcelled Hibernation
   868 | D:1      | Reached XP level 3. HP: 20/20 MP: 3/6
   872 | D:1      | Learned a level 3 spell: Confusing Touch
  1028 | D:1      | Found a faded altar of an unknown god.
  1587 | D:2      | Reached XP level 4. HP: 24/24 MP: 7/7
  1591 | D:2      | Learned a level 3 spell: Tukima's Dance
  2922 | D:3      | Reached XP level 5. HP: 28/28 MP: 4/9
  2924 | D:3      | Reached skill level 1 in Fighting
  3213 | D:3      | Killed from afar by an orc priest

Illustrated notes

Levels and vault maps discovered:
D:1:      lightli_arrival_flooded_house, layout_basic, basic_ecumenical_altar,
          minmay_box_of_dots
D:2:      layout_basic, grunt_decor_junction
D:3:      layout_basic

Skill      XL: |  1  2  3  4  5 |
---------------+----------------+-----
Short Blades   | 2 |  2.5
Dodging        | 3 |  3.4
Fighting       | 1 |  1.0
Stealth        | |  4.5
Spellcasting   | |  2.7
Hexes          | |  3.8

Action                   |  1- 3 |  4- 6 || total
-------------------------+-------+-------++-------
Melee: Dagger            |    80 |    68 ||   148
 Cast: Ensorcelled Hiber |    12 |    23 ||    35
       Confusing Touch   |       |     1 ||     1
 Stab: Sleeping          |    19 |    28 ||    47
Armor: Robe              |     8 |     9 ||    17
Dodge: Dodged            |    44 |    40 ||    84

Table legend: (Time is in decaauts)
 A = Elapsed time spent in this place.
 B = Non-inter-level travel time spent in this place.
 C = Inter-level travel time spent in this place.
 D = Time resting spent in this place.
 E = Time spent auto-exploring this place.
 F = Levels seen in this place.
 G = Mean time per level.
                   A        B        C        D        E       F      G
               +--------+--------+--------+--------+--------+-----+--------+
         Total |   3196 |   3068 |    128 |    306 |   2302 |   3 | 1065.3 |
       Dungeon |   3196 |   3068 |    128 |    306 |   2302 |   3 | 1065.3 |
               +--------+--------+--------+--------+--------+-----+--------+

Top non-repeatable levels by time:
     D:2: 1422 daAuts
     D:1: 1357 daAuts
     D:3: 416 daAuts
